 Dungeon Crawl Stone Soup version 0.25-a0-578-gc91f01c39c (webtiles) character file.

Game seed: 12519994071189914718, levelgen mode: deterministic

8 Lugonue the Scratcher (level 2, -1/12 HPs)
             Began as a Felid Transmuter on Mar 3, 2020.
             Slain by a kobold
             ... wielding a +0 short sword
              (5 damage)
             ... on level 1 of the Dungeon.
             The game lasted 00:00:37 (356 turns).

Lugonue the Scratcher (Felid Transmuter)             Turns: 356, Time: 00:00:37

Health: -1/12      AC:  1    Str:  6    XL:     2   Next: 0%
Magic:  6/6        EV: 18    Int: 14    God:
Gold:   32         SH:  0    Dex: 16    Spells: 4/5 levels left
                                        Lives:  0   Deaths: 0

rFire    . . .     SeeInvis +     - Unarmed
rCold    . . .     Gourm    .   (shield unavailable)
rNeg     . . .     Faith    .   (armour unavailable)
rPois    .         Spirit   .   (helmet unavailable)
rElec    .         Reflect  .   (cloak unavailable)
rCorr    .         Harm     .   (gloves unavailable)
MR       .....                  (boots unavailable)
Stlth    ++........             (no amulet)
HPRegen  0.04/turn              (no ring)
MPRegen  0.10/turn              (no ring)

@: quick
A: very small, no armour, no weapons or thrown items, stealth, claws 1, fangs 3,
see invisible, carnivore, speed 1, shaggy fur 1, slow metabolism 1, sharp paws
a: no special abilities


You were on level 1 of the Dungeon.
You were not hungry.

You visited 1 branch of the dungeon, and saw 1 of its levels.

You collected 32 gold pieces.

Inventory:

Missiles
 a - 12 arrows
Potions
 b - a potion of mutation {unknown}
Comestibles
 c - a ration


   Skills:
 * Level 1.1 Fighting
 + Level 2.7 Dodging
 + Level 3.4 Unarmed Combat
 * Level 2.0 Spellcasting
 + Level 2.2 Transmutations


You had 4 spell levels left.
You knew the following spells:

 Your Spells              Type           Power        Failure   Level  Hunger
a - Beastly Appendage     Tmut           #.....       10%         1    ##.....

Your spell library contained the following spells:

 Spells                   Type           Power        Failure   Level  Hunger
 Sticks to Snakes         Tmut           #.......     14%         2    ###....
 Spider Form              Tmut/Pois      #.........   41%         3    ####...
 Ice Form                 Ice/Tmut       #.......     83%         4    #####..
 Blade Hands              Tmut           #.........   95%         5    ######.


Dungeon Overview and Level Annotations

Branches:
Dungeon (1/15)

Altars:


Innate Abilities, Weirdness & Mutations

You cannot wear armour.
You are incapable of wielding weapons or throwing items.
Your paws allow you to move quietly. (Stealth)
You have sharp claws.
You have razor-sharp teeth.
You have supernaturally acute eyesight. (SInv)
You are carnivorous and can eat meat at any time.
You cover ground quickly.
You are covered in fur. (AC +1)
You have a slow metabolism.
Your sharp claws are effective at attacking unaware monsters.


Message History

You scratch the kobold but do no damage.
The kobold misses you.
You scratch the hobgoblin but do no damage.
You headbutt the hobgoblin. Your bite misses the hobgoblin.
The hobgoblin is moderately wounded.
The hobgoblin misses you. The kobold closely misses you.
You barely miss the hobgoblin.
The hobgoblin is moderately wounded.
The hobgoblin completely misses you. The kobold hits you but does no damage.
Your transformation is almost over.
The kobold hits you but does no damage.
Your horns disappear.
Found a robe.
Your magical contamination has completely faded away.
You barely miss the kobold.
The kobold hits you with a +0 short sword.
You closely miss the kobold.
The kobold hits you with a +0 short sword.
You die...

..... 8.. ..... ...
##.... .. ... .....[ .
.# #.# #.##.# ... .#
#.########.##.###.#.. .
#..........##.#......
#..........gK@....#
####..........##....#..#
...#..........##...##.
.........#####........
.......######..........
##......# #............#
...#....# #..#.........#
######..####†####.####..
####.......###


You could see a hobgoblin and a kobold.

Vanquished Creatures
  A hobgoblin (D:1)
  A kobold (D:1)
  2 bats (D:1)
  3 goblins (D:1)
  A rat (D:1)
8 creatures vanquished.

Notes
Turn   | Place    | Note
-------+----------+-------------------------------------------
     0 | D:1      | Lugonue the Felid Transmuter began the quest for the Orb.
     0 | D:1      | Reached XP level 1. HP: 9/9 MP: 4/4
   306 | D:1      | Reached XP level 2. HP: 8/12 MP: 6/6
   356 | D:1      | Slain by a kobold

Levels and vault maps discovered:
D:1:      dpeg_arrival_leaves_temple_mockup, layout_rooms, st_stairs_1,
          minmay_fountain_box, minmay_misc_feat_encased

Action                   || total
-------------------------++-------
Melee: Unarmed           ||    34
       Headbutt          ||     4
 Cast: Beastly Appendage ||     4
  Eat: Chunk             ||     1
Armor: Skin              ||     8
Dodge: Dodged            ||    49

Table legend:
 A = Non-vault XP
 B = Vault XP
 C = Vault XP percentage of total XP
 D = Non-vault monster count
 E = Vault monster count
 F = Vault count percentage of total count
                 A         B        C        D         E       F
            +---------+---------+-------+---------+---------+-------
      Total |      11 |       1 |   8.3 |       7 |       1 |  12.5
            +---------+---------+-------+---------+---------+-------
        D:1 |      11 |       1 |   8.3 |       7 |       1 |  12.5
            +---------+---------+-------+---------+---------+-------
